 Dungeon Crawl Stone Soup version 0.31.0-32-g396128a36d (webtiles) character file.

Game seed: 1110330941619643721

82 Glalom the Trooper (level 4, -5/31 HPs)
             Began as a Gargoyle Reaver on Mar 30, 2024.
             Incinerated by a bombardier beetle (9 damage)
             ... with a burning spray
             ... on level 3 of the Dungeon.
             The game lasted 00:06:45 (1754 turns).

Glalom the Trooper (Gargoyle Reaver)                Turns: 1754, Time: 00:06:45

Health: -5/31      AC:  9    Str: 17    XL:     4   Next: 43%
Magic:  7/7        EV:  9    Int: 14    God:
Gold:   106        SH:  0    Dex:  8    Spells: 6/7 levels left

rFire   x . .        a - +0 flail
rCold   + . .        (no shield)
rNeg    + . .        l - +0 scale mail
rPois   ∞            (no helmet)
rElec   +            (no cloak)
rCorr   .            (no gloves)
SInv    .            (no boots)
Will    .....        (no amulet) Stlth
                     n - ring of flight
HPRegen 0.25/turn    q - ring of ice
MPRegen 0.10/turn

%: no passive effects
@: on fire, flying, glowing
A: sickness immunity, AC +3, negative energy resistance 1, electricity
resistance, torment resistance 1, petrification resistance
a: no special abilities


You were on level 3 of the Dungeon.
You visited 1 branch of the dungeon, and saw 3 of its levels.

You collected 106 gold pieces.

Inventory:

Hand Weapons
 a - a +0 flail (weapon)
Missiles
 m - 6 poisoned darts
 o - 6 atropa-tipped darts
Armour
 b - a +0 leather armour
 l - a +0 scale mail (worn)
Jewellery
 n - a ring of flight (left hand)
 q - a ring of ice (right hand)
Scrolls
 d - a scroll of blinking {unknown}
 h - 2 scrolls of poison {unknown}
 i - 2 scrolls of fog {unknown}
 j - 3 scrolls of identify {unknown}
 s - a scroll of amnesia {unknown}
Potions
 c - a potion of ambrosia {unknown}
 e - 2 potions of heal wounds {unknown}
 f - 2 potions of cancellation {unknown}
 g - a potion of magic {unknown}
 k - 4 potions of curing {unknown}
 p - a potion of invisibility {unknown}
 r - a potion of might {unknown}
 t - a potion of attraction {unknown}
 u - a potion of degeneration {unknown}


   Skills:
 - Level 5.0 Fighting
 + Level 3.0 Maces & Flails
 - Level 1.5 Dodging
 - Level 2.0 Spellcasting
 - Level 3.2 Conjurations


You had 6 spell levels left.
You knew the following spells:

 Your Spells              Type           Power      Damage    Failure   Level
a - Kiss of Death         Conj/Necr      24%        2d7       41%         1

Your spell library contained the following spells:

 Spells                   Type           Power      Damage    Failure   Level
 Momentum Strike          Conj/Tloc      12%        3d8       56%         2
 Hailstorm                Conj/Ice       9%         3d6       80%         3


Dungeon Overview and Level Annotations

Branches:
Dungeon (3/15)

Altars:
Dithmenos
Wu Jian

Shops:
D:2 *


Innate Abilities, Weirdness & Mutations

You are immune to sickness and miasma.
Your stone body is resilient. (AC +3)
You are immune to poison.
You resist negative energy. (rN+)
You are resistant to electric shocks. (rElec)
You are resistant to unholy torment.
You are immune to petrification.


Message History

A ball python comes into view.
A ball python is nearby!
The ball python hisses angrily.
The ball python bites you but does no damage.
The ball python grabs you. The ball python constricts you.
You hit the ball python.
You kill the ball python!
No target in view!
There is an open door here.
Found a shadowy altar of Dithmenos and an ornate altar of the Wu Jian Council.
A bombardier beetle comes into view.
A bombardier beetle is nearby!
Found 11 gold pieces and a brown potion.
You closely miss the bombardier beetle.
The bombardier beetle completely misses you.
You hit the bombardier beetle.
The bombardier beetle is lightly wounded.
The bombardier beetle sprays incendiary fluid at you.
The burning spray hits you.
You are covered in liquid fire!
You hit the bombardier beetle.
The bombardier beetle is moderately wounded.
The liquid fire burns you!
You hit the bombardier beetle but do no damage.
The bombardier beetle is moderately wounded.
The liquid fire burns you!
The bombardier beetle bites you but does no damage.
You hit the bombardier beetle.
The bombardier beetle is heavily wounded.
The liquid fire burns you!
The bombardier beetle bites you but does no damage.
You are too injured to fight recklessly!
You hit the bombardier beetle.
The bombardier beetle is heavily wounded.
The liquid fire burns you!
* * * LOW HITPOINT WARNING * * *
The bombardier beetle bites you but does no damage.
You shake off some of the fire as you move.
The liquid fire burns you!
You die...

#.#.##..####†.#.#
#....#..#.......##
#.#..#..#........#
#.#..#..#........#
#.#..#..+...[...>#
#####+##....?##.......##
......................#
.............#........#
.......@####.#........#
##......# .#.########
#.....B## .#. #.._8_. #
#...... #.!..$. #.##.##
#. #. #.


You could see a bombardier beetle.

Vanquished Creatures
  2 adders
  A dart slug (D:1)
  A ribbon worm (D:2)
  9 ball pythons
  4 endoplasms
  3 giant cockroaches
  3 goblins
  5 hobgoblins
  2 jackals (D:1)
  2 quokkas (D:2)
  14 bats
  5 frilled lizards
  5 kobolds
  3 rats
59 creatures vanquished.

Notes
Turn   | Place    | Note
-------+----------+-------------------------------------------
     0 | D:1      | Glalom the Gargoyle Reaver began the quest for the Orb.
     0 | D:1      | Reached XP level 1. HP: 12/12 MP: 3/3
   229 | D:1      | Reached XP level 2. HP: 18/18 MP: 5/5
   249 | D:1      | Reached skill level 3 in Fighting
   724 | D:2      | Found Abydoxku's General Store.
   731 | D:2      | Reached XP level 3. HP: 24/24 MP: 6/6
   883 | D:2      | Reached skill level 4 in Fighting
  1178 | D:2      | Reached XP level 4. HP: 14/30 MP: 7/7
  1680 | D:3      | Reached skill level 5 in Fighting
  1742 | D:3      | Found a shadowy altar of Dithmenos.
  1742 | D:3      | Found an ornate altar of the Wu Jian Council.
  1754 | D:3      | Incinerated by a bombardier beetle

Illustrated notes

Levels and vault maps discovered:
D:1:      tarquinn_simple_flora_water_a, layout_loops_ring, corexii_corridor_pit
D:2:      minmay_skewed_foursquare, layout_basic, serial_shops,
          nicolae_shop_trees, minmay_misc_feat_iff, minmay_cut_off
D:3:      layout_basic, chequers_temple_overflow_statue_of_worship

Skill      XL: |  1  2  3  4 |
---------------+-------------+-----
Fighting       | 3 4 5 |  5.0
Maces & Flails | |  3.0
Dodging        | |  1.5
Spellcasting   | |  2.0
Conjurations   | |  3.2

Action                     |  1- 3 |  4- 6 || total
---------------------------+-------+-------++-------
  Melee: Mace              |    32 |       ||    32
         Flail             |   113 |    45 ||   158
         Punch             |     1 |       ||     1
 Armour: Leather armour    |    36 |       ||    36
         Scale mail        |    83 |    28 ||   111
  Dodge: Dodged            |   117 |    30 ||   147
